 Dungeon Crawl Stone Soup version 0.28.0-43-g3370ac3207 (webtiles) character file.

Game seed: 12371649022057716619

79 smolbon the Chopper (level 4, -10/40 HPs)
             Began as a Hill Orc Fighter on Mar 19, 2022.
             Killed by divine providence
             ... invoked by an orc priest
              (14 damage)
             ... on level 2 of the Dungeon.
             The game lasted 00:08:16 (1773 turns).

smolbon the Chopper (Hill Orc Fighter)              Turns: 1773, Time: 00:08:17

Health: -10/40     AC:  7    Str: 20    XL:     4   Next: 37%
Magic:  4/4        EV:  9    Int:  8    God:
Gold:   102        SH:  4    Dex: 10    Spells: 3/3 levels left

rFire   . . .      SeeInvis .   a - +0 war axe
rCold   . . .      Faith    .   c - +0 buckler
rNeg    . . .      Spirit   .   b - +0 scale mail
rPois   .          Reflect  .   (no helmet)
rElec   .          Harm     .   (no cloak)
rCorr   .          Rampage  .   (no gloves)
Will    .....                   (no boots)
Stlth   ..........              (no amulet)
HPRegen 0.13/turn               (no ring)
MPRegen 0.09/turn               (no ring)

@: no status effects
A: no striking features
a: Convert to Beogh


You were on level 2 of the Dungeon.
You visited 1 branch of the dungeon, and saw 2 of its levels.

You collected 102 gold pieces.

Inventory:

Hand Weapons
 a - a +0 war axe (weapon)
Armour
 b - a +0 scale mail (worn)
 c - a +0 buckler (worn)
Scrolls
 f - 2 scrolls of identify {unknown}
 g - 3 scrolls of vulnerability {unknown}
 h - a scroll of amnesia {unknown}
 i - a scroll of teleportation {unknown}
Potions
 d - a potion of might
 e - 3 potions of curing {unknown}
 j - a potion of haste {unknown}


   Skills:
 + Level 4.1 Fighting
 + Level 4.2 Axes
 + Level 4.0 Armour
 + Level 0.5 Dodging
 + Level 3.6 Shields


You had 3 spell levels left.
You didn't know any spells.
Your spell library was empty.

Dungeon Overview and Level Annotations

Branches:
Dungeon (2/15)

Altars:
Kikubaaqudgha

Shops:
D:1 (??*(


Message History

The orc priest mumbles some strange prayers to Beogh against you.
Beogh smites you!
You are too injured to fight recklessly!
You are too injured to fight recklessly!
You are too injured to fight recklessly!
You are too injured to fight recklessly!
You are too injured to fight recklessly!
You are too injured to fight recklessly!
You are too injured to fight recklessly!
You are too injured to fight recklessly!
You are too injured to fight recklessly!
You are too injured to fight recklessly!
You are too injured to fight recklessly!
You are too injured to fight recklessly!
You are too injured to fight recklessly!
You are too injured to fight recklessly!
You are too injured to fight recklessly!
You are too injured to fight recklessly!
You are too injured to fight recklessly!
You are too injured to fight recklessly!
You are too injured to fight recklessly!
You are too injured to fight recklessly!
You are too injured to fight recklessly!
You are too injured to fight recklessly!
You are too injured to fight recklessly!
You are too injured to fight recklessly!
You closely miss the orc priest.
The orc priest mumbles some strange prayers to Beogh against you.
Pain shoots through your body!
* * * LOW HITPOINT WARNING * * *
You hit the orc priest.
The orc priest is lightly wounded.
The orc priest shouts, "Beogh is our master!
Accept the truth or die!"
The orc priest hits you but does no damage.
You barely miss the orc priest.
The orc priest is lightly wounded.
The orc priest hits you but does no damage.
The orc priest calls down the wrath of Beogh upon you.
Beogh smites you!
You die...

......# #.# #####.#
#.############ #.#
#............# #####.#
#.##########.#
......#######.# #.#
#####.........# #.#
#.##.###### #.#
#.##.###############.#
#.......#..o@.....†..#
#.#####.#.############
#.# #.# #.# #.# #.#
#.# #.#####.#
#.......# #####.#.#
#########.#.#


You could see an orc priest.

Vanquished Creatures
  An orc priest (D:2)
  An adder skeleton (D:2)
  2 worms (D:2)
  2 orcs
  3 ball pythons (D:1)
  6 endoplasms
  A giant cockroach (D:1)
  6 goblins
  A hobgoblin (D:2)
  2 quokkas
  9 kobolds
  A rat (D:2)
35 creatures vanquished.

Notes
Turn   | Place    | Note
-------+----------+-------------------------------------------
     0 | D:1      | smolbon the Hill Orc Fighter began the quest for the Orb.
     0 | D:1      | Reached XP level 1. HP: 19/19 MP: 1/1
   155 | D:1      | Found Uracsam's Magic Scroll Shop.
   298 | D:1      | Reached XP level 2. HP: 27/27 MP: 2/2
   307 | D:1      | Found Lueqihy's General Store.
   698 | D:1      | Found Liqyekk's Magic Scroll Shoppe.
   753 | D:1      | Found Mezododa's Antique Weapon Emporium.
   828 | D:1      | Found Uggox's Weapon Shoppe.
  1013 | D:1      | Reached XP level 3. HP: 21/33 MP: 3/3
  1058 | D:2      | Found a faded altar of an unknown god.
  1392 | D:2      | Found an ancient bone altar of Kikubaaqudgha.
  1502 | D:2      | Reached XP level 4. HP: 37/40 MP: 4/4
  1773 | D:2      | Killed from afar by an orc priest

Illustrated notes

Levels and vault maps discovered:
D:1:      minmay_arrival_five_plusses, layout_rooms, serial_shops, shop,
          nicolae_square_shop, nicolae_shop_crystal, shop, nicolae_shop_crystal
D:2:      layout_loops_ring, basic_altar, ebering_ecumenical_altar_rust,
          kennysheep_pointless_box, minmay_pentomino_x2

Skill      XL: |  1  2  3 |
---------------+----------+-----
Axes           | 3 4 |  4.2
Fighting       | 4 |  4.1
Armour         | 4 |  4.0
Dodging        | |  0.5
Shields        | |  3.6

Action                   |  1- 3 |  4- 6 || total
-------------------------+-------+-------++-------
Melee: War axe           |    82 |    14 ||    96
Armor: Scale mail        |    32 |     8 ||    40
Dodge: Dodged            |    27 |     2 ||    29
Block: Buckler           |    18 |     1 ||    19
